 Dungeon Crawl Stone Soup version 0.30-a0-879-ga8ba668 (webtiles) character file.

Game seed: 14369057760971900178

56247 Illumine the Grappler (level 14, -57/140 HPs)
             Began as a Troll Fighter on Mar 13, 2023.
             Was the Champion of the Shining One.
             Annihilated by a titanic slime creature (87 damage)
             ... summoned by a boggart
             ... on level 14 of the Dungeon.
             The game lasted 00:44:48 (16422 turns).

Illumine the Grappler (Troll Fighter)              Turns: 16422, Time: 00:44:49

Health: -57/140    AC: 15    Str: 31    XL:     14   Next: 41%
Magic:  19/19      EV:  9    Int:  4    God:    the Shining One [******]
Gold:   1182       SH: 15    Dex:  9    Spells: 11/13 levels left

rFire   + . .      SeeInvis .      - Unarmed
rCold   . . .      Faith    .    b - +0 kite shield
rNeg    + + +      Spirit   .    J - +0 swamp dragon scales
rPois   +          Reflect  +    (helmet restricted)
rElec   .          Rampage  .    (no cloak)
rCorr   .                        (gloves unavailable)
Will    +....                    (boots unavailable) Stlth
                                 Y - amulet of reflection
HPRegen 1.23/turn                v - +4 ring of protection
MPRegen 0.16/turn                F - ring of protection from fire

@: glowing
A: large, unfitting armour, claws 3, regeneration 1, shaggy fur 1, tough skin 1
a: Renounce Religion, Divine Shield, Cleansing Flame, Summon Divine Warrior,
Brand Weapon With Holy Wrath


You were on level 14 of the Dungeon.
You worshipped the Shining One.
The Shining One was exalted by your worship.
You visited 4 branches of the dungeon, and saw 21 of its levels.
You visited the Abyss 1 time.
You also visited: Ossuary, Bailey and Volcano.

You collected 1854 gold pieces.
You spent 672 gold pieces at shops.

Inventory:

Hand Weapons
 l - a +2 great sword of flaming
 A - a +4 scimitar of holy wrath
Missiles
 a - 38 poisoned darts
 w - 4 curare-tipped darts
 B - 22 boomerangs (quivered)
 N - 2 silver boomerangs
 S - a throwing net
Armour
 b - a +0 kite shield (worn)
 J - +0 swamp dragon scales (worn)
Jewellery
 v - a +4 ring of protection (left claw)
 x - a ring of protection from cold
 C - a +5 ring of evasion
 F - a ring of protection from fire (right claw)
 H - an amulet of magic regeneration
 I - a ring of poison resistance
 L - a +4 ring of protection
 R - a ring of protection from cold
 T - a ring of ice
 Y - an amulet of reflection (around neck)
Wands
 r - a wand of paralysis (6)
 y - a wand of iceblast (20)
 O - a wand of light (8)
 U - a wand of mindburst (14)
 V - a wand of polymorph (11)
 W - a wand of flame (17)
 X - a wand of digging (14)
Scrolls
 d - 13 scrolls of teleportation
 f - a scroll of magic mapping
 m - 2 scrolls of enchant weapon
 n - 6 scrolls of vulnerability
 o - 4 scrolls of fear
 p - 5 scrolls of immolation
 s - 4 scrolls of fog
 u - 4 scrolls of blinking
 z - 3 scrolls of poison
 D - 3 scrolls of brand weapon
 K - 2 scrolls of enchant armour
 Z - a scroll of identify
Potions
 c - 6 potions of might
 e - 2 potions of haste
 g - a potion of berserk rage
 i - 3 potions of lignification
 j - 8 potions of flight
 k - a potion of magic
 q - 9 potions of curing
 t - 5 potions of brilliance
 E - a potion of mutation
 G - 2 potions of attraction
 M - 2 potions of heal wounds
 P - 3 potions of resistance
 Q - 2 potions of cancellation
Miscellaneous
 h - a lightning rod (4/4)


   Skills:
 + Level 9.5 Fighting
 + Level 1.6 Long Blades
 + Level 8.7 Throwing
 + Level 6.9 Armour
 - Level 6.2 Dodging
 - Level 10.0 Shields
 * Level 12.6 Unarmed Combat
 + Level 8.4 Invocations
 - Level 1.2 Evocations


You had 11 spell levels left.
You knew the following spells:

 Your Spells              Type           Power      Damage    Failure   Level
a - Wereblood             Tmut           0%         N/A       91%         2

Your spell library contained the following spells:

 Spells                   Type           Power      Damage    Failure   Level
 Beastly Appendage        Tmut           0%         N/A       82%         1
 Foxfire                  Conj/Fire      0%         2x1d4     82%         1
 Magic Dart               Conj           0%         1d3       82%         1
 Sting                    Tmut/Pois      0%         1d3       82%         1
 Call Imp                 Summ           0%         N/A       91%         2
 Ensorcelled Hibernation  Hex/Ice        0%         N/A       91%         2
 Lesser Beckoning         Tloc           0%         N/A       91%         2
 Passwall                 Tmut/Erth      0%         N/A       91%         2
 Poisonous Vapours        Pois/Air       0%         N/A       91%         2
 Frozen Ramparts          Ice            0%         1d1       99%         3
 Gell's Gravitas          Tloc           0%         N/A       99%         3
 Kindle Blastsparks       Fire/Tloc/Air  0%         2d10      99%         3
 Mephitic Cloud           Conj/Pois/Air  0%         N/A       99%         3
 Spider Form              Tmut/Pois      0%         N/A       99%         3
 Swiftness                Air            0%         N/A       99%         3
 Teleport Other           Tloc           0%         N/A       99%         3
 Fulminant Prism          Conj/Hex       0%         3d5       100%        4
 Ice Form                 Ice/Tmut       0%         N/A       100%        4
 Iskenderun's Mystic Bla  Conj/Tloc      0%         2d3       100%        4
 Olgreb's Toxic Radiance  Pois           0%         N/A       100%        4
 Summon Ice Beast         Ice/Summ       0%         N/A       100%        4
 Fireball                 Conj/Fire      0%         3d3       100%        5
 Lee's Rapid Deconstruct  Erth           0%         3d4*      100%        5
 Starburst                Conj/Fire      0%         6d3       100%        6


Dungeon Overview and Level Annotations

Branches:
Dungeon (14/15)            Temple (1/1) D:7            Lair (4/5) D:10
  Swamp (0/4) Lair:2        Snake (0/4) Lair:3          Orc (2/2) D:11
    Elf (0/3) Orc:2        Vaults (0/5) D:13        Ossuary (visited)
 Bailey (visited)         Volcano (visited)
  Slime: Lair:4-5

Altars:
Ashenzari
Cheibriados
Fedhas
Hepliaklqana
Kikubaaqudgha
Makhleb
Okawaru
Ru
Sif Muna
Trog
Uskayaw
Xom
Yredelemnul
Zin
The Shining One

Shops:
D:1 ((   D:6 *   D:7 =   D:11 [!??   Orc:2 (?![

Annotations:
D:6 1 runed translucent door, Crazy Yiuf
Lair:3 exclusion: oklob plant


Innate Abilities, Weirdness & Mutations

You are too large for most types of armour.
You have claws for hands.
Your natural rate of healing is unusually fast.
You are covered in fur. (AC +1)
You have tough skin. (AC +1)


Message History

The boggart casts a spell.
The boggart blinks!
Unknown command.
You eviscerate the purple ugly thing!!!
You kill the purple ugly thing!
The purple ugly thing's corpse dissolves into shadows!
A titanic slime creature splits.
You eviscerate the brown ugly thing!!!
The brown ugly thing is heavily wounded.
The brown ugly thing trunk-slaps you.
You are splashed with acid!
Two slime creatures merge to form an enormous slime creature.
You scratch the brown ugly thing but do no damage.
The brown ugly thing is heavily wounded.
You block the brown ugly thing's attack.
You mangle the brown ugly thing!!
The brown ugly thing is severely wounded.
The brown ugly thing trunk-slaps you but does no damage.
You mangle the brown ugly thing!!
You kill the brown ugly thing!
The brown ugly thing's corpse dissolves into shadows!
A large slime creature splits.
You claw the enormous slime creature!
The enormous slime creature is lightly wounded.
The enormous slime creature hits you!
Two slime creatures merge to form a titanic slime creature.
You eviscerate the titanic slime creature!!!
The titanic slime creature is lightly wounded.
You mangle the titanic slime creature!!
The titanic slime creature is moderately wounded.
You claw the titanic slime creature!
The titanic slime creature is moderately wounded.
The titanic slime creature hits you!!!!
Ouch! That really hurt!
* * * LOW HITPOINT WARNING * * *
You mangle the titanic slime creature!!
The titanic slime creature is moderately wounded.
The boggart casts a spell.
The titanic slime creature hits you!!!!
Ouch! That really hurt!
You die...

..g.##.. .##..
#....... ..... §
#.?..#.###.#...
...#........c.....
..gu...##.....##..
#u.†..c.....#
#.#.#Jg.#.#.#
#####J#.# #@####
###.######
#.........#
###....####.#
+............
###.....###.
#.#<#.# #......#
#.........


You could see a titanic slime creature (summoned), a slime creature (summoned),
a centaur warrior (summoned), a centaur (summoned, wandering) and a boggart.

Vanquished Creatures
  A tentacled starspawn (Abyss:2)
  Gastronok (Lair:2)
  Nessos (Lair:4)
  2 centaur warriors (D:13)
  3 two-headed ogres
  A dancing weapon (Volcano)
  8 orc high priests
  Sonja (D:10)
  2 skysharks
  A fire crab (shapeshifter) (D:14)
  A wretched star (Abyss:2)
  2 bog bodies
  A deep troll (D:13)
  An orc knight (D:11)
  5 wizards (Volcano)
  A lindwurm (Lair:3)
  2 deep elf pyromancers
  An ugly thing (D:12)
  An orc sorcerer (Orc:1)
  A salamander (Lair:3)
  3 cyclopes
  A manticore (D:11)
  2 large abominations (Abyss:2)
  Maurice (D:8)
  5 toenail golems (Volcano)
  7 cane toads
  3 black mambas
  A smoke demon (Abyss:2)
  Maggie (D:9)
  4 gargoyles
  2 unseen horrors
  4 komodo dragons
  2 rime drakes (Lair:3)
  4 trolls
  7 blink frogs
  Sigmund (D:6)
  9 slime creatures (D:12)
  A ynoxinul (Abyss:2)
  4 wraiths
  33 yaks
  2 wyverns
  2 fire bats (Abyss:2)
  11 vampire mosquitoes
  A chaos spawn (Abyss:2)
  2 steam dragons (D:8)
  Menkaure (D:4)
  10 wargs
  3 acid dragons
  8 water moccasins
  2 sky beasts (D:6)
  An ice beast (D:6)
  23 orc warriors
  A hornet zombie (Ossuary)
  7 ogres
  A boggart (D:14)
  17 wolves
  2 centaurs
  3 kobold brigands (D:9)
  A phantom (D:5)
  9 bullfrogs
  Blork the orc (D:6)
  3 wyvern zombies (Ossuary)
  2 scorpions (D:5)
  13 wights
  4 killer bees
  3 small abominations (Abyss:2)
  An electric eel (D:11)
  4 howler monkeys
  2 lava snakes (Lair:3)
  9 bullfrog zombies (Ossuary)
  2 jellies
  A gnoll bouda (D:8)
  An iron imp (Abyss:2)
  2 centaur zombies (Ossuary)
  34 orc priests
  4 hounds
  5 starcursed masses (Abyss:2)
  A sleepcap (D:6)
  4 iguanas
  7 hell rats (Lair:1)
  13 orc wizards
  2 killer bee zombies (Ossuary)
  14 mummies
  A howler monkey zombie (Ossuary)
  11 gnolls
  10 adders
  A shadow imp (D:5)
  2 white imps
  3 ufetubi
  3 worms
  A dart slug (D:1)
  84 orcs
  9 endoplasms
  2 giant cockroaches
  9 goblins
  6 hobgoblins
  11 jackals
  4 quokkas
  5 ball pythons
  5 bats
  2 frilled lizards (D:3)
  25 kobolds
  2 orc zombies (D:8)
  5 rats
  2 starspawn tentacles (Abyss:2)
574 creatures vanquished.

Vanquished Creatures (others)
  An orc priest (Orc:2)
  20 fungi
  18 plants
  4 starspawn tentacles (Abyss:2)
  7 withered plants (Ossuary)
50 creatures vanquished.

Grand Total: 624 creatures vanquished

Notes
Turn   | Place    | Note
-------+----------+-------------------------------------------
     0 | D:1      | Illumine the Troll Fighter began the quest for the Orb.
     0 | D:1      | Reached XP level 1. HP: 22/22 MP: 0/0
    75 | D:1      | Reached XP level 2. HP: 29/29 MP: 1/1
   239 | D:1      | Found Pofall's Antique Weapon Boutique.
   266 | D:1      | Found Xozxi's Weapon Emporium.
   695 | D:2      | Reached XP level 3. HP: 29/36 MP: 2/2
   818 | D:2      | Found a faded altar of an unknown god.
   931 | D:2      | Reached skill level 3 in Unarmed Combat
   958 | D:2      | Reached XP level 4. HP: 39/44 MP: 3/3
  1264 | D:2      | HP: 2/66 [frozen (4)]
  1270 | D:2      | HP: 3/66 [poisoned by an adder]
  1730 | D:3      | Found a shimmering blue altar of Sif Muna.
  1764 | D:3      | Reached XP level 5. HP: 48/53 MP: 4/4
  2065 | D:4      | Reached skill level 4 in Unarmed Combat
  2122 | D:4      | Noticed Menkaure
  2127 | D:4      | Killed Menkaure
  2128 | D:4      | Reached XP level 6. HP: 56/61 MP: 5/5
  2218 | D:5      | Entered Level 5 of the Dungeon
  2494 | D:5      | Reached skill level 5 in Unarmed Combat
  2494 | D:5      | Reached XP level 7. HP: 60/68 MP: 6/6
  2673 | D:5      | Found a hazy altar of Hepliaklqana.
  2678 | D:5      | Found an iron altar of Okawaru.
  2682 | D:5      | Found a blossoming altar of Fedhas.
  2682 | D:5      | Found a hide-covered altar of Uskayaw.
  2800 | D:5      | Reached skill level 6 in Unarmed Combat
  3070 | D:6      | Noticed Sigmund
  3087 | D:6      | Killed Sigmund
  3088 | D:6      | Reached XP level 8. HP: 78/78 MP: 7/7
  3413 | D:6      | Reached skill level 5 in Shields
  3462 | D:6      | Found Duerchy's Elemental Accessories.
  3581 | D:6      | Found a runed translucent door.
  3581 | D:6      | Noticed Crazy Yiuf
  3658 | D:6      | Reached skill level 7 in Unarmed Combat
  3905 | D:6      | Noticed Blork the orc
  3936 | D:6      | Killed Blork the orc
  4096 | D:7      | Found Zyregh's Jewellery Shoppe.
  4133 | D:7      | Reached skill level 5 in Dodging
  4460 | D:7      | Reached skill level 5 in Fighting
  4460 | D:7      | Reached XP level 9. HP: 88/88 MP: 8/8
  4488 | D:7      | Found a staircase to the Ecumenical Temple.
  4664 | Temple   | Entered the Ecumenical Temple
  4758 | Temple   | Became a worshipper of the Shining One
  5171 | D:8      | Reached skill level 8 in Unarmed Combat
  5181 | D:8      | Found a flagged portal.
  5188 | D:8      | Identified the +3 hand axe "Juebruum" {drain, rCorr Str-5
                  | Int-3 Stlth+}
  5191 | Bailey   | Entered a bailey
  5369 | Bailey   | Reached skill level 1 in Throwing
  5397 | Bailey   | Reached skill level 1 in Invocations
  5603 | D:8      | Noticed Maurice
  5616 | D:8      | Killed Maurice
  5617 | D:8      | Reached XP level 10. HP: 91/98 MP: 10/10
  5627 | D:8      | Found a sand-covered staircase.
  5632 | Ossuary  | Entered an ossuary
  5643 | Ossuary  | Reached * piety under the Shining One
  5705 | Ossuary  | Reached ** piety under the Shining One
  5851 | Ossuary  | Reached *** piety under the Shining One
  6585 | D:9      | Identified the +1 buckler "Gezxesud" {rN+}
  6619 | D:8      | Reached skill level 9 in Unarmed Combat
  6811 | D:9      | Found a snail-covered altar of Cheibriados.
  6824 | D:9      | Noticed Maggie
  6837 | D:9      | Killed Maggie
  6949 | D:9      | Reached **** piety under the Shining One
  7064 | D:9      | Reached skill level 1 in Armour
  7517 | D:10     | Entered Level 10 of the Dungeon
  7533 | D:10     | Noticed Sonja
  7533 | D:10     | Noticed a two-headed ogre
  7788 | D:7      | Bought an amulet of reflection for 480 gold pieces
  7972 | D:10     | Reached XP level 11. HP: 107/107 MP: 13/13
  8043 | D:10     | Killed Sonja
  8066 | D:10     | Killed a two-headed ogre
  8368 | D:10     | Found a staircase to the Lair.
  8688 | Lair:1   | Entered Level 1 of the Lair of Beasts
  8809 | Lair:1   | Reached ***** piety under the Shining One
  8995 | Lair:1   | Reached skill level 5 in Throwing
  9012 | Lair:1   | Reached skill level 5 in Invocations
  9312 | Lair:1   | Reached skill level 10 in Unarmed Combat
  9624 | Lair:2   | Found a staircase to the Swamp.
  9624 | Lair:2   | Noticed a bog body
  9624 | Lair:2   | Noticed a bog body
  9733 | Lair:1   | Killed a bog body
  9750 | Lair:2   | Killed a bog body
  9994 | Lair:2   | Reached XP level 12. HP: 108/118 MP: 15/15
 10089 | Lair:2   | Noticed Gastronok
 10111 | Lair:2   | Killed Gastronok
 10808 | Lair:4   | Noticed a seven-headed hydra
 10809 | Lair:4   | Noticed Nessos
 10820 | Lair:4   | Killed Nessos
 11197 | Lair:3   | Reached skill level 11 in Unarmed Combat
 11255 | Lair:3   | Found a staircase to the Snake Pit.
 11266 | Lair:3   | Reached skill level 5 in Armour
 11723 | D:11     | Found Zar Odo's Magic Scroll Emporium.
 11921 | D:11     | Found a staircase to the Orcish Mines.
 11994 | D:11     | Reached XP level 13. HP: 123/128 MP: 17/17
 12110 | D:11     | Found Yggup's Armour Boutique.
 12236 | D:11     | Found Derytith's Magic Scroll Shop.
 12419 | D:11     | Bought a scroll of identify for 32 gold pieces
 12419 | D:11     | Bought a scroll of identify for 32 gold pieces
 12503 | D:11     | Found Doticar's Distillery.
 12582 | Orc:1    | Entered Level 1 of the Orcish Mines
 12876 | Orc:2    | Entered Level 2 of the Orcish Mines
 13112 | Orc:2    | Found a dark tunnel.
 13119 | Volcano  | Entered a volcano
 13361 | Abyss:2  | Cast into level 2 of the Abyss (a wizard)
 13367 | Abyss:2  | Found a corrupted altar of Lugonu.
 13419 | Abyss:2  | Noticed a starcursed mass
 13561 | Abyss:2  | Found a corrupted altar of Lugonu.
 13618 | Abyss:2  | Noticed a starcursed mass
 13640 | Abyss:2  | Reached ****** piety under the Shining One
 13699 | Abyss:2  | Noticed a tentacled starspawn
 13705 | Abyss:2  | Noticed a tentacled starspawn
 13716 | Abyss:2  | Killed a tentacled starspawn
 13720 | Volcano  | Escaped the Abyss
 14001 | Orc:2    | Found an iron altar of Okawaru.
 14011 | Orc:2    | Found a staircase to the Elven Halls.
 14029 | Orc:2    | Reached skill level 10 in Shields
 14150 | Orc:1    | Reached skill level 12 in Unarmed Combat
 14523 | Orc:2    | Reached XP level 14. HP: 140/140 MP: 19/19
 14592 | Orc:2    | Found Imugh's Weapon Emporium.
 14592 | Orc:2    | Found Deqeng's Magic Scroll Shop.
 14705 | Orc:2    | Found Wufeipn's Armour Shop.
 14705 | Orc:2    | Found Mewoxa's Distillery.
 14720 | Orc:2    | Bought a potion of cancellation for 128 gold pieces
 14875 | D:12     | Reached skill level 1 in Evocations
 15676 | D:13     | Learned a level 2 spell: Wereblood
 15707 | D:13     | Reached skill level 1 in Long Blades
 15975 | D:13     | Identified the +3 quarterstaff of Extermination {vamp, rC+}
 16290 | D:13     | Found a gate to the Vaults.
 16422 | D:14     | Annihilated by a titanic slime creature

Illustrated notes

Levels and vault maps discovered:
D:1:      minmay_arrival_four_loops, layout_basic, serial_shops,
          nicolae_shop_bloodbath_and_beyond, nicolae_shop_behind_doors
D:2:      layout_rooms, shapermc_ecumenical_altar_gd, kennysheep_nondescript,
          minmay_split_cup_large
D:3:      layout_basic, old_standard_altar, nrook_mini_vaults, minivault_23
D:4:      layout_gridville, uniq_menkaure
D:5:      layout_basic, grunt_temple_overflow_open, dreamdust_gnoll_farm
D:6:      layout_loops_corners, nicolae_elemental_shop, uniq_crazy_yiuf_cottage,
          uniq_blork_the_orc, uniq_sigmund
D:7:      layout_loops_corners, minmay_temple_entry_glass, serial_shops,
          nicolae_take_the_stairs
D:8:      kennysheep_ambush_hall, layout_loops_ring, enter_bailey_2,
          nicolae_ossuary_entry_giza, uniq_maurice
D:9:      layout_gridville, mainiacjoe_overflow_cross_hatched, uniq_maggie
D:10:     layout_roguey, lair_entry_dummy, uniq_sonja
D:11:     layout_loops_cross, orc_0_dummy, serial_shops, shop, shop,
          kennysheep_little_box, nicolae_shop_statue_plus, nrook_pool_corridor,
          minmay_holes
D:12:     layout_irregular_city
D:13:     layout_loops_cross, david_vaults_4
D:14:     layout_loops_corners, nicolae_cairo_tiling_large_dashed
Temple:   nicolae_temple_slightly_damp_pantheon
Lair:1:   layout_regular_city, infiniplex_staircase_pool
Lair:2:   layout_regular_city, skrybe_swamp_entry_bodies, st_stairs_9,
          uniq_gastronok
Lair:3:   layout_cave_shapes, nicolae_snake_entry_warm_welcome,
          grunt_megastairs_4, serial_bayou_shore_b
Lair:4:   layout_cave_pods, slime_entry_1, grunt_megastairs_2,
          serial_bayou_shore_a, uniq_urug, uniq_nessos
Orc:1:    layout_diamond_mine
Orc:2:    st_orc_town, layout_caves, nicolae_volcano_entry_hallway,
          okawaru_metal_pillars_1_2

Skill      XL: |  1  2  3  4  5  6  7  8  9 10 11 12 13 14 |
---------------+-------------------------------------------+-----
Shields        | 3 4 5 6 7 8 9 10 | 10.0
Unarmed Combat | 3 4 5 6 7 8 9 10 11 12 | 12.6
Fighting       | 3 4 5 6 7 8 9 |  9.5
Dodging        | 3 4 5 6 |  6.2
Throwing       | 2 4 5 7 8 |  8.7
Invocations    | 2 4 5 6 8 |  8.4
Armour         | 1 3 5 6 |  6.9
Evocations     | 1 |  1.2
Long Blades    | 1 |  1.6

Action                     |  1- 3 |  4- 6 |  7- 9 | 10-12 | 13-15 || total
---------------------------+-------+-------+-------+-------+-------++-------
  Melee: Unarmed           |    99 |   146 |   231 |   662 |   619 ||  1757
  Throw: Throwing net      |       |       |     2 |       |       ||     2
         Dart              |       |       |     4 |    18 |     3 ||    25
         Boomerang         |       |       |    23 |       |    47 ||    70
 Invoke: Divine Shield     |       |       |       |     5 |     4 ||     9
         Cleansing Flame   |       |       |       |       |     3 ||     3
  Evoke: Wand              |       |       |       |     4 |       ||     4
    Use: Potion            |       |     3 |     3 |     2 |     2 ||    10
         Scroll            |       |       |     8 |    16 |     7 ||    31
   Stab: Sleeping          |     1 |       |       |       |       ||     1
 Armour: Robe              |    28 |    44 |    79 |    68 |       ||   219
         Swamp dragon scal |       |       |       |   154 |   198 ||   352
  Dodge: Dodged            |    44 |    49 |    86 |   175 |   139 ||   493
  Block: Kite shield       |    44 |    63 |   112 |   432 |   497 ||  1148
         Reflection        |       |       |       |     7 |    15 ||    22

Table legend: (Time is in decaauts)
 A = Elapsed time spent in this place.
 B = Non-inter-level travel time spent in this place.
 C = Inter-level travel time spent in this place.
 D = Time resting spent in this place.
 E = Time spent auto-exploring this place.
 F = Levels seen in this place.
 G = Mean time per level.
                   A        B        C        D        E       F      G
               +--------+--------+--------+--------+--------+-----+--------+
         Total |  16371 |  15172 |   1199 |    760 |  10004 |  25 |  654.8 |
       Dungeon |  10545 |   9661 |    884 |    335 |   7073 |  14 |  753.2 |
        Temple |    115 |     95 |     20 |      0 |     75 |   1 |  115.0 |
          Lair |   3014 |   2785 |    229 |    193 |   1824 |   4 |  753.5 |
  Orcish Mines |   1368 |   1303 |     65 |    110 |    690 |   2 |  684.0 |
         Abyss |    349 |    349 |      0 |     71 |     39 |   1 |  349.0 |
       Ossuary |    322 |    322 |      0 |      0 |    136 |   1 |  322.0 |
        Bailey |    320 |    320 |      0 |      0 |     57 |   1 |  320.0 |
       Volcano |    335 |    335 |      0 |     51 |    110 |   1 |  335.0 |
               +--------+--------+--------+--------+--------+-----+--------+

Top non-repeatable levels by time:
  Lair:1: 1080 daAuts
     D:7: 1067 daAuts
     D:9: 1053 daAuts
     D:6: 1052 daAuts
    D:11: 957 daAuts
  Lair:2: 940 daAuts
     D:8: 922 daAuts
    D:10: 855 daAuts
   Orc:2: 833 daAuts
    D:12: 821 daAuts
     D:5: 810 daAuts
  Lair:3: 804 daAuts
     D:2: 741 daAuts
    D:13: 719 daAuts
     D:1: 667 daAuts
